 Dungeon Crawl Stone Soup version 0.27-a0-277-g024f7ef292 (webtiles) character file.

Game seed: 10575548519063748107

44 Borgoz the Cudgeller (level 3, 0/22 HPs)
             Began as a Gargoyle Gladiator on Feb 5, 2021.
             Slain by a kobold
             ... wielding a +0 war axe
              (7 damage)
             ... on level 2 of the Dungeon.
             The game lasted 00:01:22 (1350 turns).

Borgoz the Cudgeller (Gargoyle Gladiator)           Turns: 1350, Time: 00:01:23

Health: 0/22       AC:  7    Str: 17    XL:     3   Next: 60%
Magic:  3/3        EV: 12    Int:  8    God:
Gold:   105        SH:  0    Dex: 12    Spells: 2/2 levels left

rFire    . . .     SeeInvis .   a - +0 flail
rCold    + . .     Faith    .   (no shield)
rNeg     + . .     Spirit   .   b - +0 leather armour
rPois    ∞         Reflect  .   c - +0 helmet
rElec    +         Harm     .   (no cloak)
rCorr    +         Rampage  .   (no gloves)
Will     .....                  (no boots)
Stlth    +.........             (no amulet)
HPRegen  0.07/turn              l - ring of resist corrosion
MPRegen  0.08/turn              m - ring of protection from cold

@: no status effects
A: negative energy resistance 1, electricity resistance, unbreathing,
petrification resistance, miasma immunity, AC +3
a: no special abilities


You were on level 2 of the Dungeon.
You visited 1 branch of the dungeon, and saw 2 of its levels.

You collected 105 gold pieces.

Inventory:

Hand Weapons
 a - a +0 flail (weapon)
Missiles
 d - 3 throwing nets (quivered)
Armour
 b - a +0 leather armour (worn)
 c - a +0 helmet (worn)
Jewellery
 l - a ring of resist corrosion (left hand)
 m - a ring of protection from cold (right hand)
Scrolls
 e - 2 scrolls of identify {unknown}
 f - a scroll of fear {unknown}
Potions
 g - a potion of magic {unknown}
 h - a potion of attraction {unknown}
 i - a potion of lignification {unknown}
 j - a potion of might {unknown}
 k - 3 potions of curing {unknown}


   Skills:
 + Level 2.8 Fighting
 + Level 3.4 Maces & Flails
 - Level 1.7 Throwing
 + Level 1.5 Armour
 + Level 2.8 Dodging


You had 2 spell levels left.
You didn't know any spells.
Your spell library was empty.

Dungeon Overview and Level Annotations

Branches:
Dungeon (2/15)

Altars:
Uskayaw


Innate Abilities, Weirdness & Mutations

You are resistant to torment.
Your stone body is resilient. (AC +3)
You are immune to poison.
You resist negative energy. (rN+)
You are resistant to electric shocks. (rElec)
You can survive without breathing.
You are immune to petrification.
You are immune to miasma.


Message History

The hobgoblin closely misses you. The kobold barely misses you.
You hit the hobgoblin.
The hobgoblin is heavily wounded.
The hobgoblin hits you with a +0 club. The kobold hits you with a +0 war axe.
You are too injured to fight recklessly!
You are too injured to fight recklessly!
You are too injured to fight recklessly!
You are too injured to fight recklessly!
The hobgoblin hits you but does no damage.
The kobold closely misses you.
You closely miss the kobold. The hobgoblin completely misses you.
The kobold hits you but does no damage. The hobgoblin closely misses you.
You miss the kobold. The kobold closely misses you.
The hobgoblin barely misses you.
You closely miss the kobold.
The hobgoblin hits you but does no damage.
The kobold hits you but does no damage.
You hit the kobold but do no damage. The hobgoblin closely misses you.
The kobold hits you with a +0 war axe!
You die...

##### #.#.# #.... #.#.#
#.... #.#.# #.... #.#.#
#.... #.#.#
###...†#############.#.#
......g.................
......K@.........†......
###....#############.#..
#.... #.### ##### #.#
#.# #.# #.# #.# # #.#
#######.# #


You could see a hobgoblin and a kobold.

Vanquished Creatures
  An adder (D:2)
  An ooze (D:1)
  A worm (D:2)
  A dart slug (D:1)
  A leopard gecko (D:1)
  A giant cockroach (D:1)
  6 goblins
  2 hobgoblins (D:2)
  8 kobolds
  3 bats (D:1)
  2 frilled lizards
  A rat (D:1)
28 creatures vanquished.

Notes
Turn   | Place    | Note
-------+----------+-------------------------------------------
     0 | D:1      | Borgoz the Gargoyle Gladiator began the quest for the Orb.
     0 | D:1      | Reached XP level 1. HP: 12/12 MP: 1/1
   306 | D:1      | Reached XP level 2. HP: 18/18 MP: 2/2
   399 | D:1      | Reached skill level 1 in Armour
   886 | D:2      | Reached XP level 3. HP: 20/22 MP: 3/3
  1073 | D:2      | Found a hide-covered altar of Uskayaw.
  1350 | D:2      | Slain by a kobold

Illustrated notes

Levels and vault maps discovered:
D:1:      eino_arrival_cavern_d, layout_rooms
D:2:      layout_basic, eat_drink_and_be_merry_uskayaw

Skill      XL: |  1  2 |
---------------+-------+-----
Armour         | 1 |  1.5
Fighting       | |  2.8
Maces & Flails | |  3.4
Throwing       | |  1.7
Dodging        | |  2.8

Action                   || total
-------------------------++-------
Melee: Flail             ||    87
Armor: Leather armour    ||    49
Dodge: Dodged            ||    63

Table legend: (Time is in decaauts)
 A = Elapsed time spent in this place.
 B = Non-inter-level travel time spent in this place.
 C = Inter-level travel time spent in this place.
 D = Time resting spent in this place.
 E = Time spent auto-exploring this place.
 F = Levels seen in this place.
 G = Mean time per level.
                   A        B        C        D        E       F      G
               +--------+--------+--------+--------+--------+-----+--------+
         Total |   1369 |   1319 |     50 |    177 |    870 |   2 |  684.5 |
       Dungeon |   1369 |   1319 |     50 |    177 |    870 |   2 |  684.5 |
               +--------+--------+--------+--------+--------+-----+--------+

Top non-repeatable levels by time:
     D:1: 885 daAuts
     D:2: 484 daAuts
